groovejumper, neutral female human Wizard ------- # |?*!??| ---.- |!)?)]| |...| |%))!?| |.>.| |!?][[| |...| |.....| |...| ---|--- |...| # #....| # -.--- # ####### -|-#- # |...| ### |...| # |.... ## # |.+.| ---------.- #@B ----- |.......... |..#......| |.){<.....| ----------- groovejumper the Conjurer Experience level: 4 Strength: 11 Dexterity: 13 Constitution: 12 Intelligence: 18 Wisdom: 12 Charisma: 9 Health: 0(30) Energy: 16(30) AC: 9 Gold: 183 Moves: 1116 Your Inventory: Coins $ - 183 gold pieces Weapons a - a blessed +1 quarterstaff (weapon in hands) Armor b - an uncursed +0 cloak of magic resistance (being worn) Comestibles E - an [uncursed] cream pie Scrolls i - 2 uncursed scrolls of teleportation j - an uncursed scroll of confuse monster k - an uncursed scroll of scare monster r - an [uncursed] unlabeled scroll [of blank paper] s - an [uncursed] scroll labeled ETAOIN SHRDLU [of gold detection] v - an [uncursed] scroll labeled XIXAXA XOXAXA XUXAXA [of stinking cloud] Spellbooks l - a blessed spellbook of force bolt m - an uncursed spellbook of extra healing y - an [uncursed] big spellbook [of slow monster] z - an [uncursed] paperback spellbook [of cure blindness] A - an [uncursed] left-handed spellbook [of create monster] B - a [blessed] gold spellbook [of protection] C - an [uncursed] spiral-bound spellbook [of knock] D - an [uncursed] cloth spellbook [of fireball] Potions f - an uncursed potion of see invisible g - an uncursed potion of oil h - an uncursed potion of restore ability Rings d - an uncursed ring of conflict e - a blessed +1 ring of increase damage Wands c - an uncursed wand of digging (0:5) Tools n - an uncursed magic marker (0:57) o - an uncursed towel Spells known in the end: Name Level Category Fail Memory a - force bolt 1 attack 0% [||||||||] b - extra healing 3 healing 85% [||||||||] c - detect monsters 1 divination 0% [||||||||] d - light 1 divination 0% [||||||||] e - wizard lock 2 matter 53% [||||||||] Your skills at the end: Fighting Skills Weapon Skills quarterstaff [Basic / Expert] Spellcasting Skills attack spells [Basic / Expert] enchantment spells [Basic / Skilled] Final Attributes: You were devoutly aligned. Hunger level was 140. Your alignment was 14 / 15. Monster difficulty range was 0 - 3. Level difficulty was 3. You were magic-protected. Your luck was zero. You are dead. Vanquished creatures: a kitten 4 Kop Sergeants 9 Keystone Kops a gecko 3 jackals 5 goblins 5 grid bugs 3 lichens 4 newts 35 creatures vanquished. Voluntary challenges: You followed a strict vegan diet. You used a wielded weapon 26 times. You read items or engraved 10 times. You put on armor 1 time. You never genocided any monsters. You never polymorphed an object. You never changed form. You used no wishes. You wrote Elbereth's name 2 times. You never encountered a bones level. You never used any Sokoban shortcuts. Dungeon overview: The Dungeons of Doom: levels 1 to 4 Level 1 a long staircase Level 2 a bookstore, an altar to Thoth Level 3 <- You were here a general store, a fountain, a sink History has recorded: On T:1 you entered the Dungeons of Doom to retrieve the Amulet of Yendor! On T:53 you reached level 4 of The Dungeons of Doom. On T:109 you advanced to experience level 2. On T:115 you reached level 3 of The Dungeons of Doom. On T:146 you reached level 2 of The Dungeons of Doom. On T:494 you advanced to experience level 3. On T:947 you advanced to experience level 4. Latest messages: These runes were just too much to comprehend. [HP+1=26] [HP+1=27] You feel less confused now. [HP+1=28] [HP+1=29] [HP+1=30] You can move again. [48 turns] You feel a wrenching sensation. Your surroundings suddenly seem different. The spellbook crumbles to dust! You are beginning to feel hungry. The giant bat bites! (2x) [HP-9=21] The giant bat bites! (2x) [HP-10=11] The giant bat bites! [HP-4=7] The giant bat bites! (2x) You die... Final status: Goodbye groovejumper the Wizard... You died in The Dungeons of Doom on dungeon level 3 with 587 points, and 183 pieces of gold, after 1116 moves. You were level 4 with a maximum of 30 hit points when you died.